 Dungeon Crawl Stone Soup version 0.31-a0-931-g7b59d4eb97 (webtiles) character file.

Game seed: 17004778875855064548

1760389 ChaoticPyre the Skullcrusher (level 26, 243/266 HPs)
             Began as a Minotaur Berserker on Oct 18, 2023.
             Was the Champion of Trog.
             Escaped with the Orb
             ... and 3 runes on Oct 19, 2023!
             The game lasted 04:18:49 (63105 turns).

ChaoticPyre the Skullcrusher (Minotaur Berserker)  Turns: 63105, Time: 04:18:49

Health: 243/266    AC: 39    Str: 38    XL:     26   Next: 70%
Magic:  7/7        EV: 17    Int:  4    God:    Trog [******]
Gold:   2774       SH: 19    Dex: 12    Spells: 25/25 levels left

rFire   + + +        s - +9 demon whip (antimagic) {Trog's Will}
rCold   . . .        X - +2 kite shield of the Kraken {rF++}
rNeg    + . .        O - +10 storm dragon scales {Bai Suzhen}
rPois   +            (helmet unavailable)
rElec   +            P - +0 cloak
rCorr   +            U - +1 pair of gloves {Str+3}
SInv    .            (no boots)
Will    +++..        B - amulet of regeneration Stlth
                     E - ring of Compassion {rPois rF+ Will++ rCorr}
HPRegen 1.44/turn    h - ring of Gezor {rElec rN+ rCorr Str+3}
MPRegen 0.10/turn

%: no passive effects
@: studying Short Blades
A: horns 3, retaliatory headbutt, talons 1, iridescent scales 1, inability to
drink after injury 2, noise suppression
0: Orb of Zot
}: 3/15 runes: decaying, abyssal, gossamer
a: Renounce Religion, Berserk, Trog's Hand, Brothers in Arms


You escaped.
You worshipped Trog.
Trog was exalted by your worship.
You visited 9 branches of the dungeon, and saw 46 of its levels.
You visited the Abyss 3 times.
You also visited: Sewer and Ossuary.

You collected 5761 gold pieces.
You spent 2987 gold pieces at shops.

Inventory:

Hand Weapons
 s - a +9 antimagic demon whip (weapon) {Trog's Will}
Missiles
 R - 3 throwing nets
Armour
 O - +10 storm dragon scales (worn) {Bai Suzhen}
 P - a +0 cloak (worn)
 U - a +1 pair of gloves of strength (worn)
 X - the +2 kite shield of the Kraken (worn) {rF++}
   (You bought it in a shop on level 2 of the Elven Halls)

   rF++:      It greatly protects you from fire.
Jewellery
 c - the ring of Pegot {Wiz rPois Slay+3}
   (You bought it in a shop on level 2 of the Orcish Mines)

   [ring of wizardry]

   Wiz:       It improves your spell success rate.
   Slay+3:    It affects your accuracy & damage with ranged weapons and melee
   (+3).
   rPois:     It protects you from poison
 h - the ring of Gezor (right hand) {rElec rN+ rCorr Str+3}
   (You found it on level 3 of the Elven Halls)

   [ring of resist corrosion]

   Str+3:     It affects your strength (+3).
   rElec:     It insulates you from electricity.
   rN+:       It protects you from negative energy.
   rCorr:     It protects you from acid and corrosion.
 B - an amulet of regeneration (around neck)
 D - a ring of flight
 E - the ring of Compassion (left hand) {rPois rF+ Will++ rCorr}
   (You found it on level 3 of the Elven Halls)

   [ring of poison resistance]

   rF+:       It protects you from fire.
   rPois:     It protects you from poison Will++: It greatly increases your
   willpower.
   rCorr:     It protects you from acid and corrosion.
 M - a +6 ring of strength
 S - the ring of Shadows {Umbra +Inv Stlth+}
   (You found it on level 1 of the Vaults)

   [ring of stealth]

   Umbra:     It surrounds you with an aura of shadow, increasing your stealth
   and reducing the accuracy of all others within it.
   +Inv:      It lets you turn invisible.
   Stlth+:    It makes you more stealthy.
 T - a ring of protection from cold
 V - the ring "Etuigeh" {Fire rN+}
   (You found it on level 1 of the Realm of Zot)

   [ring of fire]

   Fire:      It enhances your fire magic.
   rF+:       It protects you from fire.
   rC-:       It makes you vulnerable to cold.
   rN+:       It protects you from negative energy.
Wands
 j - a wand of flame (78)
 o - a wand of quicksilver (22)
 w - a wand of paralysis (37)
 x - a wand of roots (62)
 y - a wand of mindburst (70)
 J - a wand of polymorph (6)
 N - a wand of digging (17)
Scrolls
 a - 7 scrolls of vulnerability
 b - 5 scrolls of blinking
 d - 6 scrolls of immolation
 f - 7 scrolls of poison
 m - 39 scrolls of identify
 n - 3 scrolls of silence
 p - 6 scrolls of fog
 t - 9 scrolls of fear
 u - 6 scrolls of noise
 v - 2 scrolls of revelation
 A - a scroll of torment
 H - 6 scrolls of teleportation
 L - 2 scrolls of butterflies
 Q - a scroll of enchant armour
 W - 2 scrolls of brand weapon
 Y - 3 scrolls of enchant weapon
Potions
 g - a potion of cancellation
 i - 6 potions of heal wounds
 k - 9 potions of lignification
 l - a potion of berserk rage
 q - 13 potions of curing
 r - 6 potions of ambrosia
 z - 4 potions of haste
 C - 10 potions of attraction
 F - 9 potions of resistance
 G - 3 potions of enlightenment
 I - 3 potions of invisibility
 K - 5 potions of might


   Skills:
 O Level 27 Fighting
 O Level 27 Maces & Flails
 + Level 26.3 Armour
 + Level 18.0 Dodging
 O Level 27 Shields
 + Level 1.4 Evocations


You had 25 spell levels left.
You didn't know any spells.
Your spell library was empty.

Dungeon Overview and Level Annotations

Branches:
Dungeon (15/15)            Temple (0/1) D:5            Lair (5/5) D:8
  Swamp (4/4) Lair:2       Spider (4/4) Lair:3        Slime (0/5) Lair:4
    Orc (2/2) D:11            Elf (3/3) Orc:2        Vaults (4/5) D:13
  Crypt (0/3) Vaults:2     Depths (4/4) D:15            Zot (5/5) Depths:4
  Sewer (visited)         Ossuary (visited)

Altars:
Cheibriados
Dithmenos
Elyvilon
Gozag
Kikubaaqudgha
Makhleb
Trog
Vehumet
Wu Jian
Zin
The Shining One
Jiyva
Lugonu

Shops:
D:3 *   D:4 :   D:8 =   D:11 *   Orc:1 =   Orc:2 !=:=(!!   Elf:2 [=:=
Vaults:3 *   Depths:1 :   Depths:3 (

Portals:
Hell: Depths:1 Depths:3 Depths:4
Abyss: Lair:5 Depths:1 Depths:3
Pandemonium: Depths:3 Depths:4
Ziggurat: Depths:1
Trove: Vaults:3 (give +6 ice dragon scales)

Annotations:
Swamp:3 Lernaean hydra
Swamp:4 exclusion: upstairs
Vaults:3 3 runed translucent doors, Qeunemit's ghost, adept GrFi


Innate Abilities, Weirdness & Mutations

You have a pair of large horns on your head.
You reflexively headbutt those who attack you in melee.
You have sharp toenails.
You are partially covered in iridescent scales. (AC +2)
You sometimes lose the ability to drink potions when taking damage.
You passively dampen the noise of your surroundings.


Message History

The orange demon screeches!
The orange demon moves out of view.
The cacodemon gestures at you. The bolt of energy misses you.
The cacodemon gestures at you.
Strange energies course through your body.
You lose the ability to drink potions when taking damage more often.
You hear a grinding noise.
You block the cacodemon's attack.
The cacodemon hits you but does no damage.
You closely miss the cacodemon. Your kick misses the cacodemon.
You closely miss the cacodemon. Your kick misses the cacodemon.
You headbutt the cacodemon!
The cacodemon is lightly wounded.
The cacodemon hits you but does no damage.
You block the cacodemon's attack.
You punish the cacodemon, causing immense pain!!!
The cacodemon's magic leaks into the air.
Your kick misses the cacodemon.
The cacodemon is heavily wounded.
You punish the cacodemon, causing immense pain!!!
You kill the cacodemon!
Trog accepts your kill. You block the Orb Guardian's attack.
The Orb Guardian hits you!!
The orange demon stings you but does no damage.
You block the orange demon's attack. The Orb Guardian hits you!
The Orb Guardian hits you but does no damage.
The orange demon misses you.
The orange demon hits you but does no damage.
You block the orange demon's attack.
The orange demon hits you but does no damage.
There is a staircase leading out of the dungeon here.
The Orb Guardian barely misses you. The orange demon misses you.
You furiously retaliate!
You headbutt the orange demon!! The orange demon barely misses you.
The orange demon stings you but does no damage.
The orange demon hits you but does no damage.
You have escaped!

#[.###.# ###.###### ##'##
#.....># #.# ##...## #.###..#
#.## ##....[## #..#...# #..##
##.......# ###......#####
#...####.........
.............#######...'.........
###...###.##.#....X44..#.........
##..# #.##.#.#4##X##.##.......#
##.# #.##.#..@4#.##.###.....##
#.###.##.#.#.X#4##.# ##...##
#.#...##...##.#.##.# ##'##
#.#...##.#....#.##.#####.#
#.#...#..######.##.......#
#####...#................###.##
......#.....########.....##...###
############# #.###.....=...
#..........#.#


You could see an Orb Guardian and 2 orange demons.

Vanquished Creatures
  4 dread liches
  3 ancient liches (Zot:5)
  4 orbs of fire
  Mara (Swamp:3)
  Sojobo (Depths:4)
  Bai Suzhen (Swamp:2)
  4 Killer Klowns
  A curse toe (Zot:4)
  5 caustic shrikes (Depths:3)
  9 golden dragons
  Nikola (Swamp:2)
  3 electric golems
  4 bone dragons
  Zenata (Elf:3)
  15 tentacled monstrosities
  A Hell Sentinel (Abyss:2)
  3 liches
  4 deep elf master archers (Elf:3)
  10 sphinxes
  2 walking divine tomes (Depths:3)
  Asterion (Spider:3)
  2 quicksilver dragons
  27 Orb Guardians
  An ancient champion (Vaults:2)
  3 deep elf blademasters (Elf:3)
  7 tentacled starspawn
  10 shadow dragons
  2 thorn hunters
  10 death cobs
  Kirke (D:13)
  3 draconian monks
  4 tengu reavers
  11 storm dragons
  2 fenstrider witches
  Donald (Vaults:1)
  4 frost giants (Depths:3)
  Roxanne (Spider:4)
  6 draconian knights
  6 emperor scorpions (Spider:4)
  8 vault wardens
  9 ghost moths
  5 deep elf sorcerers
  4 fire giants
  2 balrugs
  6 spectral caustic shrikes (Depths:4)
  5 draconian scorchers
  6 draconian shifters
  3 ghouls
  2 deep elf elementalists (Elf:3)
  5 draconian stormcallers
  2 angels
  A cacodemon (D:1)
  An orc warlord (Vaults:4)
  A spriggan defender (Depths:1)
  15 stone giants
  8 draconian annihilators
  7 ironbound thunderhulks
  A juggernaut skeleton (Depths:2)
  14 very ugly things
  A formless jellyfish (Vaults:3)
  12 ironbound preservers
  3 vampire knights
  3 deep elf demonologists (Elf:3)
  11 broodmothers
  7 green draconians
  7 black draconians
  9 deep elf annihilators (Elf:3)
  10 purple draconians
  13 yellow draconians
  6 eleionomae
  8 white draconians
  7 dire elephants
  5 spark wasps
  26 red draconians
  Azrael (D:12)
  3 eidola
  2 blizzard demons
  Snorg (Orc:2)
  5 ettins
  8 deep elf death magi
  A merfolk impaler (Depths:3)
  An entropy weaver (shapeshifter) (D:15)
  6 yaktaur captains
  6 deep elf high priests
  2 great orbs of eyes (Vaults:4)
  5 fire dragons
  4 entropy weavers
  9 vault guards
  7 ice dragons
  Erolcha (D:13)
  2 ghost crabs
  22 hydras
  3 rakshasas
  3 hell beasts
  6 radroaches
  7 alligators
  7 spriggan air magi
  A spriggan skeleton (Abyss:4)
  11 ironbound frosthearts
  Erica (D:8)
  A catoblepas (Lair:4)
  2 ogre magi
  A death knight (D:14)
  13 centaur warriors
  4 boulder beetles
  8 two-headed ogres
  10 deep troll shamans
  3 soul eaters
  37 dancing weapons
  2 orc high priests
  13 thrashing horrors
  3 tengu warriors
  5 deep troll earth magi
  8 demonic crawlers
  A titan zombie (Depths:1)
  Urug (D:8)
  8 death yaks
  29 deep elf knights
  Sonja (D:13)
  5 spriggan berserkers
  A sun demon (Depths:1)
  Amaemon (Lair:3)
  6 wretched stars
  4 sixfirhies
  3 pharaoh ants
  Nergalle (Orc:2)
  7 iron trolls
  A sun moth (Spider:3)
  12 hell knights
  4 skysharks
  A spark wasp zombie (Depths:2)
  56 deep trolls
  9 skeletal warriors (Vaults:2)
  5 spriggan druids
  2 spatial maelstroms (Abyss:4)
  A titan skeleton (Depths:1)
  6 arcanists
  8 goliath frogs
  10 orb spiders
  11 swamp dragons
  3 glowing orange brains
  An orange crystal statue (Zot:5)
  A flayed ghost (Depths:4)
  6 steelbarb worms
  11 ironbound convokers
  25 lindwurms
  22 deep elf archers
  4 phantasmal warriors
  11 necromancers
  34 deep elf pyromancers
  4 tengu skeletons
  The ghost of osoart the Covert, a novice SpHu of Dithmenos (D:8)
  10 orc knights
  2 harpies
  34 ugly things
  32 deep elf zephyrmancers
  An oklob plant (Lair:2)
  11 orc sorcerers
  A human zombie (Vaults:3)
  A fire giant zombie (Vaults:3)
  3 will-o-the-wisps
  26 moths of wrath
  10 manticores
  20 wolf spiders
  3 cyclopes
  17 large abominations
  A worldbinder (Abyss:4)
  Maurice (D:8)
  10 black mambas
  11 torpor snails
  A dire elephant zombie (Abyss:4)
  2 guardian serpents (shapeshifter)
  An ice statue (D:14)
  2 black mambas (shapeshifter)
  12 vault sentinels
  11 smoke demons
  A stone giant skeleton (Vaults:3)
  3 apocalypse crabs
  13 elephants
  5 rust devils
  2 orange demons
  A naga zombie (Abyss:4)
  14 cane toads
  3 fire giant skeletons
  6 gargoyles
  A yaktaur zombie (Vaults:3)
  2 elf skeletons (Vaults:2)
  12 komodo dragons
  A hellion (D:3)
  A rime drake (shapeshifter) (Lair:5)
  A rime drake (Lair:4)
  A freezing wraith (Abyss:2)
  2 unseen horrors
  19 yaktaurs
  2 efreet
  8 ancient zymes
  A tengu conjurer (D:13)
  4 trolls
  A golden dragon simulacrum (Depths:2)
  15 hornets
  A harpy zombie (Abyss:4)
  2 hellwings
  A polar bear (Lair:5)
  9 tyrant leeches
  A silent spectre (Abyss:2)
  29 blink frogs
  A hornet (shapeshifter) (D:13)
  8 dream sheep
  9 raiju
  32 tarantellas
  A wolf spider simulacrum (D:14)
  A spectral elephant (Lair:2)
  24 jumping spiders
  28 slime creatures
  A spectral black mamba (Lair:2)
  6 ynoxinuls
  3 water elementals
  4 wraiths
  54 yaks
  A flying skull (Abyss:2)
  2 shadows
  19 culicivoras
  A spriggan (shapeshifter) (D:15)
  4 air elementals
  4 fire bats (Abyss:2)
  2 hogs (D:13)
  24 spriggans
  A wyvern (Lair:1)
  25 fire elementals
  A vampire (Abyss:4)
  7 humans (D:7)
  An alligator snapping turtle simulacrum (Abyss:4)
  6 basilisks
  5 chaos spawn
  45 redbacks
  Grum (D:8)
  3 neqoxecs (Abyss:4)
  4 steam dragons
  A spatial vortex (Abyss:4)
  A redback simulacrum (D:15)
  6 wargs
  A harpy simulacrum (Abyss:4)
  16 swamp worms
  Edmund (D:7)
  7 hell hounds
  2 acid dragons
  2 glowing shapeshifter zombies
  15 water moccasins
  27 orc warriors
  Pargi (Sewer)
  2 glowing shapeshifter skeletons (Vaults:2)
  A spectral torpor snail (Lair:2)
  9 swamp drakes
  An ice beast (D:6)
  6 black bears
  2 sky beasts
  7 ogres
  3 boggarts (D:14)
  17 centaurs
  16 wolves
  A phantom (D:7)
  9 kobold brigands (D:8)
  8 bullfrogs
  4 earth elementals
  A necrophage (Swamp:2)
  6 scorpions
  A gnoll sergeant (D:13)
  2 human skeletons
  6 wights
  19 small abominations
  15 killer bees
  2 electric eels
  3 howler monkeys
  A quasit (D:10)
  16 orc priests
  5 jellies
  31 starcursed masses
  2 gnoll boudas (D:6)
  10 hounds
  3 iron imps
  5 iguanas
  38 orc wizards
  A sleepcap (D:7)
  A hell rat (Elf:1)
  A mummy (Ossuary)
  15 gnolls
  7 adders
  A river rat (D:4)
  A shadow imp (D:6)
  8 white imps
  6 ufetubi
  4 dart slugs
  69 orcs
  2 spectral bats (Ossuary)
  7 bat simulacra (Ossuary)
  13 endoplasms
  5 giant cockroaches
  12 gnoll zombies (Ossuary)
  10 goblins
  8 hobgoblins
  5 jackals
  7 kobolds
  5 quokkas
  7 ball pythons
  3 bats
  2 frilled lizards (Sewer)
  2 goblin simulacra (Ossuary)
  6 goblin zombies (Ossuary)
  A hobgoblin zombie (Ossuary)
  2 kobold simulacra (Ossuary)
  7 kobold zombies (Ossuary)
  4 orc zombies (Ossuary)
  5 rats (D:1)
  3 rat simulacra (Ossuary)
  3 spectral goblins (Ossuary)
  2 spectral kobolds (Ossuary)
  3 spectral rats (Ossuary)
2247 creatures vanquished.

Vanquished Creatures (collateral kills)
  A blizzard demon (Abyss:4)
  A merfolk impaler (Abyss:4)
2 creatures vanquished.

Vanquished Creatures (others)
  A deep elf knight (Elf:3)
  A hell knight (Depths:2)
  A smoke demon (Abyss:4)
  2 humans (D:13)
  2 boggarts (D:14)
  An orc (Orc:2)
  6 foxfires
  25 starspawn tentacles
39 creatures vanquished.

Grand Total: 2288 creatures vanquished

Notes
Turn   | Place    | Note
-------+----------+-------------------------------------------
     0 | D:1      | ChaoticPyre the Minotaur Berserker began the quest for the
                  | Orb.
     0 | D:1      | Reached XP level 1. HP: 19/19 MP: 0/0
   180 | D:1      | Reached XP level 2. HP: 27/27 MP: 1/1
   611 | D:1      | Reached XP level 3. HP: 33/33 MP: 2/2
   692 | D:1      | Reached ** piety under Trog
  1129 | D:1      | Gained mutation: You are partially covered in iridescent
                  | scales. (AC +2) [potion of mutation]
  1129 | D:1      | Gained mutation: You passively dampen the noise of your
                  | surroundings. [potion of mutation]
  1129 | D:1      | Gained mutation: You expend magic power (3 MP) to
                  | strengthen your wands. [potion of mutation]
  1129 | D:1      | Gained mutation: You are mostly covered in iridescent
                  | scales. (AC +4) [potion of mutation]
  1271 | D:2      | Reached XP level 4. HP: 41/41 MP: 3/3
  1413 | D:2      | Reached skill level 5 in Maces & Flails
  1579 | D:2      | Found a bloodstained altar of Trog.
  2186 | D:3      | Found an opulent altar of Gozag.
  2186 | D:3      | Found Gozag's Platinum Reserve.
  2460 | D:3      | Reached XP level 5. HP: 39/47 MP: 4/4
  2686 | D:4      | Noticed an ogre
  2692 | D:4      | Killed an ogre
  2743 | D:4      | Found a glowing drain.
  2747 | Sewer    | Entered a sewer
  2756 | Sewer    | Reached XP level 6. HP: 53/53 MP: 5/5
  2785 | Sewer    | Noticed Pargi
  2789 | Sewer    | Killed Pargi
  3029 | D:4      | Reached skill level 5 in Armour
  3029 | D:4      | Reached skill level 1 in Shields
  3031 | D:4      | Reached *** piety under Trog
  3034 | D:4      | Reached skill level 5 in Fighting
  3034 | D:4      | Reached XP level 7. HP: 38/61 MP: 6/6
  3550 | D:4      | Found Seiriar's Book Shoppe.
  3818 | D:5      | Entered Level 5 of the Dungeon
  3913 | D:5      | Found a staircase to the Ecumenical Temple.
  4045 | D:5      | Reached XP level 8. HP: 64/70 MP: 7/7
  4400 | D:6      | Found a glowing silver altar of Zin.
  4528 | D:6      | Reached **** piety under Trog
  4571 | D:6      | Found a bloodstained altar of Trog.
  5320 | D:7      | Reached skill level 10 in Maces & Flails
  5320 | D:7      | Reached XP level 9. HP: 71/78 MP: 8/8
  5327 | D:7      | Reached skill level 5 in Shields
  5471 | D:7      | Found a shadowy altar of Dithmenos.
  5513 | D:7      | Noticed Edmund
  5591 | D:7      | Reached XP level 10. HP: 61/88 MP: 9/9
  5609 | D:7      | Killed Edmund
  5951 | D:7      | Found a sand-covered staircase.
  5956 | Ossuary  | Entered an ossuary
  6028 | Ossuary  | Reached ***** piety under Trog
  6634 | D:7      | Found a burning altar of Makhleb.
  6713 | D:8      | Found Aliangy's Jewellery Boutique.
  6726 | D:8      | Noticed an elephant
  6809 | D:8      | Received a gift from Trog
  6830 | D:8      | Found a runed translucent gate.
  6830 | D:8      | Found a runed translucent gate.
  6830 | D:8      | Found a runed translucent gate.
  6831 | D:8      | Noticed osoart's ghost (novice SpHu)
  6887 | D:8      | Noticed Erica
  6905 | D:8      | Killed Erica
  7062 | D:8      | Noticed Maurice
  7071 | D:8      | Something stole 408 gold
  7075 | D:8      | Killed Maurice
  7128 | D:8      | Found a staircase to the Lair.
  7301 | D:8      | Killed an elephant
  7433 | D:8      | Reached XP level 11. HP: 59/97 MP: 10/10
  7548 | D:8      | Noticed Grum
  7558 | D:8      | Killed Grum
  7817 | D:8      | Found an ornate altar of the Wu Jian Council.
  8395 | D:8      | Killed osoart's ghost
  8443 | D:8      | Bought an amulet of regeneration for 420 gold pieces
  8520 | D:8      | Identified a scroll of acquirement
  8522 | D:8      | Acquired a +2 eveningstar of holy wrath
  8703 | D:9      | Found an ancient bone altar of Kikubaaqudgha.
  8783 | D:9      | Noticed a two-headed ogre
  8792 | D:9      | Killed a two-headed ogre
  8933 | D:9      | Reached skill level 10 in Armour
  9176 | D:9      | Reached skill level 15 in Maces & Flails
  9344 | D:10     | Entered Level 10 of the Dungeon
  9481 | D:10     | Found a glowing golden altar of the Shining One.
  9551 | D:10     | Noticed a soul eater
  9562 | D:10     | Killed a soul eater
  9679 | D:10     | Reached skill level 10 in Fighting
 10210 | Lair:1   | Entered Level 1 of the Lair of Beasts
 10227 | Lair:1   | Noticed Urug
 10253 | D:8      | Killed Urug
 10267 | Lair:1   | Reached XP level 12. HP: 96/107 MP: 11/11
 10285 | Lair:1   | Received a gift from Trog
 10286 | Lair:1   | Reached skill level 10 in Shields
 11293 | Lair:2   | Noticed a seven-headed hydra
 11301 | Lair:2   | Killed a seven-headed hydra
 11315 | Lair:2   | Noticed a five-headed hydra
 11341 | Lair:2   | Killed a five-headed hydra
 11632 | Lair:2   | Noticed a boulder beetle
 11783 | Lair:2   | Killed a boulder beetle
 11784 | Lair:2   | Reached XP level 13. HP: 79/118 MP: 12/12
 11960 | Lair:2   | Found the +1 robe of Vines {NoPotionHeal Regen++++}
 12162 | Lair:2   | Found a staircase to the Swamp.
 12580 | Lair:2   | You are sucked into a shaft and drop 1 floor!
 13221 | Lair:3   | Found a hole to the Spider Nest.
 13316 | Lair:3   | Noticed Amaemon
 13322 | Lair:3   | Killed Amaemon
 13982 | Lair:4   | Received a gift from Trog
 14277 | Lair:4   | Reached XP level 14. HP: 130/130 MP: 13/13
 14313 | Lair:4   | Found a viscous altar of Jiyva.
 14313 | Lair:4   | Found a staircase to the Slime Pits.
 15008 | Lair:5   | Identified the "Xosisyarch"
 15008 | Lair:5   | Entered Level 5 of the Lair of Beasts
 15685 | Lair:5   | Found a snail-covered altar of Cheibriados.
 16016 | Lair:5   | Reached skill level 15 in Fighting
 16142 | Lair:5   | Received a gift from Trog
 16238 | Lair:5   | Found a corrupted altar of Lugonu.
 16272 | Lair:5   | Found a one-way gate to the infinite horrors of the Abyss.
 16363 | Lair:5   | Reached ****** piety under Trog
 16828 | D:11     | Found a staircase to the Orcish Mines.
 17031 | D:11     | Found Zonwasec's General Store.
 18069 | D:13     | Noticed Erolcha
 18069 | D:13     | Noticed Azrael
 18076 | D:12     | Reached skill level 15 in Armour
 18203 | D:12     | Killed Azrael
 18326 | D:13     | Killed Erolcha
 18327 | D:13     | Reached XP level 15. HP: 96/143 MP: 14/14
 18465 | D:13     | Noticed Sonja
 18754 | D:13     | Noticed Kirke
 18828 | Abyss:1  | Cast into level 1 of the Abyss (Sonja)
 18947 | Abyss:1  | Found a runed translucent door.
 18992 | Abyss:1  | Noticed a tentacled starspawn
 19001 | Abyss:1  | Paralysed by accursed screaming for 2 turns
 19013 | Abyss:1  | Paralysed by accursed screaming for 1 turns
 19021 | Abyss:1  | Found a corrupted altar of Lugonu.
 19055 | Abyss:1  | Found a corrupted altar of Lugonu.
 19060 | Abyss:1  | Found a corrupted altar of Lugonu.
 19079 | Abyss:1  | Found a corrupted altar of Lugonu.
 19098 | Abyss:1  | Noticed a tentacled starspawn
 19149 | Abyss:1  | Killed a tentacled starspawn
 19282 | Abyss:1  | Noticed a tentacled starspawn
 19397 | Abyss:2  | Found a transporter.
 19448 | Abyss:2  | Noticed a tentacled starspawn
 19466 | Abyss:2  | Killed a tentacled starspawn
 19682 | D:13     | Escaped the Abyss
 19790 | Abyss:2  | Cast into level 2 of the Abyss (Sonja)
 19875 | Abyss:2  | Received a gift from Trog
 19983 | D:13     | Escaped the Abyss
 19989 | D:13     | Killed Sonja
 20051 | D:13     | Noticed a sphinx
 20081 | D:13     | Paralysed by an orc sorcerer for 5 turns
 20088 | D:13     | Paralysed by an orc sorcerer for 5 turns
 20536 | D:13     | Killed Kirke
 20544 | D:13     | Reached skill level 5 in Dodging
 20575 | D:13     | Found a gate to the Vaults.
 21296 | D:14     | Found a transporter.
 21302 | D:14     | Found a transporter.
 21575 | D:14     | Identified the +10 sling of Xuegem {drain, rElec rF- Str-5
                  | Int+8}
 21696 | D:14     | Found a transporter.
 21730 | D:14     | Found a transporter.
 22032 | D:15     | Entered Level 15 of the Dungeon
 22284 | D:15     | Reached XP level 16. HP: 155/155 MP: 15/15
 22400 | D:15     | Reached skill level 1 in Evocations
 22529 | D:15     | Found a staircase to the Depths.
 22639 | D:15     | Found a white marble altar of Elyvilon.
 22795 | Orc:1    | Entered Level 1 of the Orcish Mines
 23295 | Orc:1    | Found Erorayny's Jewellery Emporium.
 23437 | Orc:2    | Entered Level 2 of the Orcish Mines
 23437 | Orc:2    | Found Rih Ynn's Distillery.
 23437 | Orc:2    | Found a staircase to the Elven Halls.
 23462 | Orc:2    | Bought a potion of heal wounds for 50 gold pieces
 23462 | Orc:2    | Bought a potion of heal wounds for 50 gold pieces
 23462 | Orc:2    | Bought a potion of curing for 30 gold pieces
 23928 | Orc:2    | Found Kal Fotug's Jewellery Shoppe.
 23930 | Orc:2    | Found Siac's Distillery.
 23937 | Orc:2    | Bought a +6 ring of strength for 540 gold pieces
 23958 | Orc:2    | Bought a potion of degeneration for 16 gold pieces
 23958 | Orc:2    | Bought a potion of curing for 48 gold pieces
 23958 | Orc:2    | Bought a potion of heal wounds for 80 gold pieces
 23958 | Orc:2    | Bought a potion of curing for 48 gold pieces
 24021 | Orc:2    | Paralysed by an orc sorcerer for 2 turns
 24034 | Orc:2    | Received a gift from Trog
 24129 | Orc:2    | Found Untekyn's Distillery.
 24137 | Orc:2    | Bought a potion of heal wounds for 70 gold pieces
 24137 | Orc:2    | Bought a potion of heal wounds for 70 gold pieces
 24150 | Orc:2    | Found an ancient bone altar of Kikubaaqudgha.
 24150 | Orc:2    | Noticed Nergalle
 24172 | Orc:2    | Paralysed by an orc sorcerer for 5 turns
 24179 | Orc:2    | Killed Nergalle
 24220 | Orc:2    | Found Nouhaoham's Jewellery Shoppe.
 24248 | Orc:2    | Paralysed by an orc sorcerer for 2 turns
 24252 | Orc:2    | Found a radiant altar of Vehumet.
 24286 | Orc:2    | Bought the ring of Pegot {Wiz rPois Slay+3} for 860 gold
                  | pieces
 24321 | Orc:2    | Found Olom's Book Emporium.
 24563 | Orc:2    | Found Tihiops's Antique Weapon Emporium.
 24633 | Orc:2    | Noticed Snorg
 24641 | Orc:2    | Killed Snorg
 25100 | Swamp:1  | Entered Level 1 of the Swamp
 26425 | Swamp:2  | Reached skill level 15 in Shields
 26471 | Swamp:2  | Noticed Nikola
 26492 | Swamp:2  | Killed Nikola
 26792 | Swamp:3  | Noticed Bai Suzhen
 26859 | Swamp:2  | Killed Bai Suzhen
 26943 | Swamp:3  | Noticed Mara
 26955 | Swamp:3  | Noticed ChaoticPyre's illusion
 26960 | Swamp:3  | Killed Mara
 27619 | Swamp:3  | Reached XP level 17. HP: 164/166 MP: 5/16
 27845 | Swamp:4  | Entered Level 4 of the Swamp
 29069 | Swamp:4  | Noticed the 27-headed Lernaean hydra
 29404 | Swamp:4  | Received a gift from Trog
 29414 | Swamp:4  | Got a decaying rune of Zot
 30433 | Spider:1 | Entered Level 1 of the Spider Nest
 30878 | Spider:1 | Received a gift from Trog
 32688 | Spider:2 | Reached XP level 18. HP: 175/176 MP: 5/17
 33222 | Spider:3 | Identified the +7 mace of Execution {flame, rElec rF+ rN+}
                  | (Trog gifted it to you on level 3 of the Spider Nest)
 33222 | Spider:3 | Received a gift from Trog
 34482 | Spider:4 | Entered Level 4 of the Spider Nest
 34487 | Spider:4 | Noticed Roxanne
 35009 | Spider:4 | Noticed Asterion
 35026 | Spider:3 | Killed Asterion
 35299 | Spider:4 | Killed Roxanne
 35682 | Spider:4 | Got a gossamer rune of Zot
 36389 | Desolati | Identified the "Biathio"
 36389 | Desolati | Identified the "Zair"
 36389 | Vaults:1 | Entered Level 1 of the Vaults
 36843 | Vaults:1 | Noticed Donald
 36858 | Vaults:1 | Killed Donald
 36959 | Vaults:1 | Received a gift from Trog
 37229 | Vaults:1 | Identified the +0 pair of gloves of Fedhas's Whim {Harm
                  | +Inv rPois Dex-5}
 37252 | Vaults:1 | Reached XP level 19. HP: 178/189 MP: 6/18
 37281 | Vaults:1 | Found the ring of Shadows {Umbra +Inv Stlth+}
 38556 | Vaults:2 | Received a gift from Trog
 39517 | Vaults:2 | Found a staircase to the Crypt.
 39556 | Vaults:2 | Received a gift from Trog
 40526 | Vaults:3 | Found a portal to a secret trove of treasure.
 40620 | Vaults:3 | Found Fiocotudd's Assorted Antiques.
 40626 | Vaults:3 | Bought a pair of runed gloves for 315 gold pieces
 40920 | Vaults:3 | Received a gift from Trog
 40968 | Vaults:3 | Reached XP level 20. HP: 191/202 MP: 6/19
 41043 | Vaults:3 | Found a runed translucent gate.
 41043 | Vaults:3 | Found a runed translucent gate.
 41043 | Vaults:3 | Found a runed translucent gate.
 41273 | Vaults:3 | Noticed Qeunemit's ghost (adept GrFi)
 41846 | Vaults:4 | Received a gift from Trog
 43067 | Vaults:5 | Identified the "Raisal"
 43067 | Crypt:2  | Identified the "Addimuy"
 43067 | Crypt:3  | Identified the of Elups
 43067 | Crypt:3  | Identified the "Ciphis"
 43067 | Depths:3 | Identified the of Xail
 43067 | WizLab   | Identified the "Veow Tue"
 43067 | Elf:1    | Entered Level 1 of the Elven Halls
 43318 | Elf:1    | Received a gift from Trog
 44326 | Elf:1    | Received a gift from Trog
 44468 | Elf:2    | Found Vuwebit's Jewellery Shop.
 44468 | Elf:2    | Found Pisorrod's Book Shoppe.
 44469 | Elf:2    | Found Hyob's Jewellery Shop.
 44502 | Elf:2    | Found Dabrumi's Armour Shoppe.
 44510 | Elf:2    | Bought the +2 kite shield of the Kraken {rF++} for 390 gold
                  | pieces
 44843 | Elf:2    | Reached XP level 21. HP: 212/212 MP: 6/20
 44907 | Elf:2    | Found a huge runed translucent gate.
 44907 | Elf:2    | Found a huge runed translucent gate.
 44907 | Elf:2    | Found a huge runed translucent gate.
 44908 | Elf:2    | Found a huge runed translucent gate.
 44909 | Elf:2    | Found a huge runed translucent gate.
 45281 | Elf:2    | Received a gift from Trog
 45757 | Elf:3    | Identified the "Cyqaj"
 45757 | Elf:3    | Identified the "Opsuagac"
 45757 | Elf:3    | Identified the "Jocae"
 45757 | Elf:3    | Entered Level 3 of the Elven Halls
 45828 | Elf:3    | Paralysed by an air elemental for 1 turns
 46253 | Elf:3    | Received a gift from Trog
 46426 | Elf:3    | Noticed Zenata
 46433 | Elf:3    | Killed Zenata
 46881 | Elf:3    | Paralysed by an air elemental for 1 turns
 46884 | Elf:3    | Paralysed by an air elemental for 1 turns
 46942 | Elf:3    | Received a gift from Trog
 47433 | Elf:3    | Found the +5 scythe "Finisher" {speed, execute}
 47514 | Elf:3    | Received a gift from Trog
 47551 | Elf:3    | Identified the +8 morningstar of the World {flame, Will+
                  | Int-3 Dex+2}
 47565 | Elf:3    | Identified the amulet of Peunk {Acrobat rPois}
 47567 | Elf:3    | Identified the quicksilver dragon scales "Bineic" {Will+
                  | Str+5}
 47614 | Elf:3    | Identified the ring of Compassion {rPois rF+ Will++ rCorr}
 47626 | Elf:3    | Identified the +0 robe of Integrity {rPois Str+6 Int+2}
 47644 | Elf:3    | Identified the +0 robe of Baoqamem {Will+ rCorr}
 47647 | Elf:3    | Identified the ring of Gezor {rElec rN+ rCorr Str+3}
 47922 | Depths:1 | Entered Level 1 of the Depths
 47922 | Depths:1 | Found Viesoir's Vocational Training.
 48086 | Depths:1 | Reached XP level 22. HP: 224/224 MP: 7/21
 48216 | Depths:1 | Found a one-way gateway to a ziggurat.
 48237 | Depths:1 | Found a corrupted altar of Lugonu.
 49111 | Depths:1 | Found a gateway to Hell.
 49122 | Depths:1 | Identified the +0 chain mail "Kutyism" {rF+ rC+}
 49389 | Depths:2 | Received a gift from Trog
 49727 | Depths:2 | You fall into a shaft and drop 1 floor!
 49790 | Depths:3 | Noticed a golden dragon
 49803 | Depths:3 | Killed a golden dragon
 50038 | Depths:3 | Found a one-way gate leading to the halls of Pandemonium.
 50288 | Depths:3 | Found Vasomubb's Weapon Emporium.
 50684 | Depths:3 | Noticed a caustic shrike
 50684 | Depths:3 | Noticed a caustic shrike
 50684 | Depths:3 | Noticed a caustic shrike
 50685 | Depths:3 | Noticed a caustic shrike
 50685 | Depths:3 | Noticed a caustic shrike
 50691 | Depths:3 | Killed a caustic shrike
 50702 | Depths:3 | Killed a caustic shrike
 50714 | Depths:3 | Killed a caustic shrike
 50731 | Depths:3 | Killed a caustic shrike
 50736 | Depths:3 | Killed a caustic shrike
 50749 | Depths:3 | Received a gift from Trog
 50972 | Depths:3 | Noticed a golden dragon
 50989 | Depths:3 | Killed a golden dragon
 51103 | Depths:3 | Identified the +4 battleaxe of Invincibility {speed, rF+
                  | Str+3 Int+3 Stlth+}
 51221 | Depths:3 | Reached XP level 23. HP: 236/236 MP: 7/22
 51299 | Depths:3 | Reached skill level 10 in Dodging
 51299 | Depths:3 | Reached XP level 24. HP: 241/241 MP: 7/22
 51620 | Depths:4 | Entered Level 4 of the Depths
 51839 | Depths:4 | Reached skill level 27 in Maces & Flails
 51867 | Depths:4 | Received a gift from Trog
 52042 | Depths:4 | Noticed Sojobo
 52063 | Depths:4 | Killed Sojobo
 52145 | Depths:4 | Found a gate to the Realm of Zot.
 53246 | Depths:3 | Voluntarily entered the Abyss.
 53247 | Abyss:2  | Found a corrupted altar of Lugonu.
 53461 | Abyss:2  | Received a gift from Trog
 53525 | Abyss:2  | Found a corrupted altar of Lugonu.
 54041 | Abyss:4  | Reached skill level 27 in Fighting
 54138 | Abyss:4  | Received a gift from Trog
 54305 | Abyss:4  | Got an abyssal rune of Zot
 54396 | Depths:3 | Escaped the Abyss
 54504 | Zot:1    | Entered Level 1 of the Realm of Zot
 54688 | Zot:1    | Identified the ring "Etuigeh" {Fire rN+}
 55065 | Zot:1    | Reached XP level 25. HP: 138/257 MP: 7/22
 55230 | Zot:1    | Received a gift from Trog
 55562 | Zot:1    | Reached skill level 27 in Shields
 57364 | Zot:3    | Upgraded the game from 0.31-a0-925-g0a390f2509 to
                  | 0.31-a0-931-g7b59d4eb97
 57636 | Zot:3    | Received a gift from Trog
 58598 | Zot:3    | Received a gift from Trog
 58601 | Zot:3    | Noticed an orb of fire
 58601 | Zot:3    | Gained mutation: You occasionally lose the ability to read
                  | scrolls when taking damage. [an orb of fire]
 58601 | Zot:3    | Gained mutation: You are frail. (-10% HP) [an orb of fire]
 58619 | Zot:3    | Killed an orb of fire
 59514 | Zot:5    | Entered Level 5 of the Realm of Zot
 59758 | Zot:5    | Lost mutation: You expend magic power (3 MP) to strengthen
                  | your wands. [potion of mutation]
 59758 | Zot:5    | Lost mutation: You are frail. (-10% HP) [potion of
                  | mutation]
 59758 | Zot:5    | Gained mutation: You have a pair of large horns on your
                  | head. [potion of mutation]
 59758 | Zot:5    | Gained mutation: Your mind is acute. (Int +4, Str/Dex -1)
                  | [potion of mutation]
 59759 | Zot:5    | Lost mutation: You are mostly covered in iridescent scales.
                  | (AC +4) [potion of mutation]
 59759 | Zot:5    | Lost mutation: Your mind is acute. (Int +4, Str/Dex -1)
                  | [potion of mutation]
 59759 | Zot:5    | Lost mutation: You occasionally lose the ability to read
                  | scrolls when taking damage. [potion of mutation]
 59759 | Zot:5    | Gained mutation: You have sharp toenails. [potion of
                  | mutation]
 60077 | Zot:5    | Reached skill level 15 in Dodging
 60674 | Zot:5    | Reached XP level 26. HP: 266/266 MP: 7/22
 60925 | Zot:5    | Noticed an orb of fire
 60926 | Zot:5    | Noticed a dread lich
 60981 | Zot:5    | Noticed an orb of fire
 60996 | Zot:5    | Gained mutation: You occasionally lose the ability to drink
                  | potions when taking damage. [an orb of fire]
 61014 | Zot:4    | Killed an orb of fire
 61036 | Zot:4    | Killed an orb of fire
 61076 | Zot:4    | Killed a dread lich
 61196 | Zot:5    | Noticed an ancient lich
 61216 | Zot:5    | Killed an ancient lich
 61618 | Zot:5    | Noticed a dread lich
 61625 | Zot:5    | Noticed a dread lich
 61641 | Zot:5    | Killed a dread lich
 61641 | Zot:5    | Received a gift from Trog
 61644 | Zot:5    | Noticed a dread lich
 61650 | Zot:5    | Killed a dread lich
 61670 | Zot:5    | Killed a dread lich
 61671 | Zot:5    | Noticed an orb of fire
 61696 | Zot:5    | Killed an orb of fire
 61963 | Zot:5    | Noticed an ancient lich
 61983 | Zot:5    | Killed an ancient lich
 61999 | Zot:5    | Noticed an ancient lich
 62015 | Zot:5    | Killed an ancient lich
 62329 | Zot:5    | Got the Orb of Zot
 62732 | D:14     | Noticed a seraph
 63091 | D:1      | Gained mutation: You sometimes lose the ability to drink
                  | potions when taking damage. [a cacodemon]
 63105 | D:$      | Escaped with the Orb!

Illustrated notes

Levels and vault maps discovered:
D:1:      zelgadis_glass_arrival_small, layout_loops_corners
D:2:      layout_basic, basic_altar, minmay_misc_feat_room,
          roderic_roman_lattice
D:3:      layout_loops_ring, nicolae_gozag_zags_fifth_avenue
D:4:      layout_basic, serial_shops, shop, gup_sewer_entry_bowl,
          kennysheep_path_1, minmay_crystal_water
D:5:      layout_cave_pools, minmay_temple_entry_proselytizer
D:6:      layout_loops_ring, old_standard_altar, overflow_temple_1_default,
          chequers_arboretum, minivault_4
D:7:      erik_cavepeople, layout_loops_ring, grunt_dithmenos_shadows,
          lightli_temple_of_fire, nicolae_ossuary_entry_plus, grunt_ministairs_1
D:8:      layout_layer_cave, marbit_many_paths, david_lair_generic,
          serial_shops, shop, enter_bailey_3, gammafunk_ghost_nasty_kobolds,
          uniq_erica, uniq_maurice, uniq_grum
D:9:      layout_loops_cross, mainiacjoe_overflow_tiny_flanked
D:10:     layout_grid_maze, lemuel_round_altar, serial_demonic,
          serial_demonic_g, serial_demonic_g, serial_demonic_b, serial_demonic_c
D:11:     layout_basic, orc_0_dummy, serial_shops, shop_fountains
D:12:     layout_gridville
D:13:     layout_rooms, grunt_vaults_entry_fortified, gauntlet_entry_generic,
          uniq_sonja, uniq_kirke, uniq_erolcha, uniq_azrael
D:14:     lemuel_ice_statue, layout_layer_cave, minmay_misc_feat_doors,
          nicolae_transporter_intersection
D:15:     grunt_enter_depths_snipers, layout_rooms,
          nicolae_elyvilon_peaceful_grove
Lair:1:   layout_gridlike, uniq_urug
Lair:2:   layout_roguey, nicolae_swamp_entry_spooky,
          hellmonk_guarded_unrand_vines, grunt_megastairs_5
Lair:3:   layout_chaotic_city, dummy_spider_entry, grunt_megastairs_4,
          uniq_amaemon
Lair:4:   layout_cave_pods, nicolae_slime_entry_slimehenge, minmay_holes,
          grunt_megastairs_2
Lair:5:   hellmonk_lair_end_abyssal_woods, layout_cellular_growth,
          kennysheep_snail_temple
Swamp:1:  layout_basic_swamp, evilmike_swamp_ruin_house_2, swamp_pool2,
          nicolae_swamp_soggy_hallways, infiniplex_staircase_pool_2
Swamp:2:  layout_basic_swamp, serial_swamp_ruin, evilmike_swamp_ruin_wall,
          evilmike_swamp_ruin_house_1, infiniplex_staircase_pool, uniq_nikola
Swamp:3:  nicolae_swamp_secret_spriggan_hideout, layout_basic_swamp,
          nicolae_swamp_some_circles, uniq_mara, uniq_bai_suzhen
Swamp:4:  swamp_alternative, layout_basic_swamp, swamp_pool5
Spider:1: layout_spider_delve
Spider:2: layout_cave_pods
Spider:3: layout_spider_delve, hangedman_spider_tarantella_strand
Spider:4: guppyfry_spider_rune, uniq_roxanne, uniq_asterion
Orc:1:    layout_caves, serial_shops, shop, guppyfry_library_mini
Orc:2:    kennysheep_orc_mage_school, layout_caves, basic_altar, serial_shops,
          shop, nicolae_shop_stone, nicolae_shop_crystal, nooodl_orcs_dogs,
          uniq_snorg
Elf:1:    layout_loops_corners, special_room [special_room_mythical_zoo],
          hangedman_elven_crosses_minicolossus
Elf:2:    elven_hall_of_blades_hangedman_alternative
          [nicolae_blade_entry_sentries_behind_glass], layout_geoelf_octagon,
          serial_shops, nicolae_diamond_shop, minmay_shop_grove
Elf:3:    minmay_elf_hall_circle, layout_rooms, elf_orc_summit_meeting,
          uniq_zenata
Vaults:1: portal_desolation_entry_garden, nicolae_vaults_halls_meeting,
          ontoclasm_vaults_twist, grunt_vaults_focal,
          nicolae_vaults_little_squares_3, v_rooms_3,
          nicolae_vaults_windows_and_doors_thing, nicolae_vaults_tetromino_T_1,
          nicolae_vaults_wine_cellar, layout_vaults_omnigrid, uniq_donald
Vaults:2: minmay_crypt_entry_skeletal_spiral, vaults_room_corners,
          nicolae_vaults_three_branches, nicolae_vaults_network_periphery,
          nicolae_vaults_shelves_hall, nicolae_vaults_network_barrier,
          v_misc_24, vaults_dpeg_diagonal, layout_vaults_chaotic_city
Vaults:3: gammafunk_ghost_tricky_traps, dpeg_vaults_monster_row,
          nicolae_vaults_little_squares_4, vaults_room_hallway, v_misc_28,
          nicolae_vaults_stand_back, nicolae_vaults_house_3,
          ontoclasm_vaults_ring_large, vaults_room_fours,
          nicolae_vaults_ring_of_whatevers, nicolae_vaults_sealed_display,
          grunt_vaults_twisty, nicolae_vaults_yaktaur_gun_rack,
          layout_vaults_omnicross, serial_shops, shop, enter_trove_3
Vaults:4: v_misc_33, nicolae_vaults_big_angled_halls,
          nicolae_vaults_surprise_closet, nicolae_vaults_double_plus_3,
          nicolae_vaults_swerve, special_room_vaults [special_room_orc],
          ontoclasm_vaults_ring_small, vaults_room_grunt_arrival_checkpoint,
          nicolae_vaults_little_squares_6, hangedman_vaults_river_flow,
          layout_vaults_omnibox
Depths:1: layout_gridville, enter_ziggurat_a, minmay_hedge_maze,
          abyss_entry_flame_altar, lightli_too_deep, roderic_nine_men_s_morris,
          nicolae_shop_vocational
Depths:2: kb_forest_paths, layout_basic, nicolae_qazlal_general_emergency,
          rand_demon_pan_entry_1, abyss_entry_small_statue_room,
          grunt_hell_entry_dis_mu, bh_walls_and_bars
Depths:3: grunt_arcs, layout_gridlike, abyss_entry, hell_entry, serial_bayou,
          serial_bayou_pond_e, serial_bayou_pond_a, serial_bayou_pond_e,
          serial_bayou_lagoon_a, pan_entry, nicolae_stop_n_shop_2
Depths:4: evilmike_zot_entry_hall, layout_small_grid,
          serial_sigils_hangedman_gut, pan_entry, pf_hell_entry_tar_river,
          mu_enter_wizlab_5, serial_co_window_serial,
          co_window_of_opportunity_a, co_window_paths_b, co_window_paths_b,
          co_window_of_opportunity_a, co_window_of_opportunity_a,
          co_window_corner_a, co_window_paths_b, co_window_corner_b,
          co_window_corner_cb, co_window_corner_b, co_window_paths_e,
          glass_columns_a, glass_columns_b, glass_columns_b, uniq_sojobo
Zot:1:    layout_onion, bh_zot_ikea_curve
Zot:2:    layout_cathedral_of_symmetry
Zot:3:    lemuel_firehouse, layout_onion
Zot:4:    layout_misc_corridors
Zot:5:    layout_concentric_octagons, hangedman_zot_decor_scrapings

Skill      XL: |  1  2  3  4  5  6  7  8  9 10 11 12 13 14 15 16 17 18 19 20 21 22 23 24 25 26 |
---------------+-------------------------------------------------------------------------------+-----
Maces & Flails | 4 5 6 7 8 10 12 14 15 17 18 19 20 21 22 23 24 25 26 27 | 27.0
Fighting       | 4 5 6 7 9 10 12 13 15 17 18 20 21 22 23 24 25 26 27 | 27.0
Armour         | 3 4 5 7 8 9 10 12 13 15 16 17 19 20 21 24 26 | 26.3
Shields        | 1 2 4 6 7 9 11 12 13 14 15 16 18 19 21 22 24 26 27 | 27.0
Dodging        | 3 4 5 6 7 8 9 10 15 18 | 18.0
Evocations     | 1 |  1.4

Action                     |  1- 3 |  4- 6 |  7- 9 | 10-12 | 13-15 | 16-18 | 19-21 | 22-24 | 25-27 || total
---------------------------+-------+-------+-------+-------+-------+-------+-------+-------+-------++-------
  Melee: Mace              |    75 |    60 |       |       |       |       |       |       |       ||   135
         Headbutt          |    12 |    14 |    49 |   157 |   311 |   473 |   539 |   546 |   383 ||  2484
         Punch             |     1 |       |       |       |       |       |       |       |       ||     1
         Morningstar       |       |    38 |   276 |   330 |       |       |       |       |       ||   644
         Eveningstar       |       |       |       |   356 |  1143 |   499 |       |       |       ||  1998
         Demon whip        |       |       |       |       |       |  1521 |  1835 |  1529 |  1270 ||  6155
         Kick              |       |       |       |       |       |       |       |       |   240 ||   240
 Invoke: Berserk           |       |       |     3 |     3 |     6 |     6 |     3 |     6 |       ||    27
         Trog's Hand       |       |       |     2 |     3 |     8 |     5 |     3 |    10 |     9 ||    40
         Brothers in Arms  |       |       |       |       |       |     1 |       |     2 |       ||     3
  Evoke: Wand              |       |       |       |       |     6 |       |     5 |       |       ||    11
    Use: Potion            |     5 |     1 |     1 |     4 |     5 |     6 |     1 |     6 |     4 ||    33
         Scroll            |     4 |     3 |     6 |     4 |    14 |    22 |     6 |     4 |     8 ||    71
   Stab: Distracted        |       |       |       |     1 |     1 |       |       |       |       ||     2
         Confused          |       |       |       |       |       |     2 |       |       |       ||     2
 Armour: Leather armour    |     5 |       |       |       |       |       |       |       |       ||     5
         Chain mail        |    34 |    47 |    98 |       |       |       |       |       |       ||   179
         Plate armour      |       |       |    45 |   463 |  1020 |   473 |       |       |       ||  2001
         Storm dragon scal |       |       |       |       |       |  1476 |   816 |   734 |   839 ||  3865
  Dodge: Dodged            |    27 |    32 |    80 |   241 |   403 |   828 |   342 |   356 |   380 ||  2689
  Block: Buckler           |       |    22 |   144 |   269 |   393 |   631 |       |       |       ||  1459
         Reflection        |       |       |     1 |     3 |       |       |       |       |       ||     4
         Kite shield       |       |       |       |       |       |   206 |   260 |   850 |   673 ||  1989
         Tower shield      |       |       |       |       |       |    30 |   741 |       |       ||   771

Table legend: (Time is in decaauts)
 A = Elapsed time spent in this place.
 B = Non-inter-level travel time spent in this place.
 C = Inter-level travel time spent in this place.
 D = Time resting spent in this place.
 E = Time spent auto-exploring this place.
 F = Levels seen in this place.
 G = Mean time per level.
                   A        B        C        D        E       F      G
               +--------+--------+--------+--------+--------+-----+--------+
         Total |  60420 |  56960 |   3460 |  10804 |  27120 |  54 | 1118.9 |
       Dungeon |  15614 |  14425 |   1189 |   1985 |   8697 |  15 | 1040.9 |
          Lair |   6508 |   6028 |    480 |    793 |   3582 |   5 | 1301.6 |
         Swamp |   5402 |   5208 |    194 |   1851 |   1922 |   4 | 1350.5 |
   Spider Nest |   5307 |   4890 |    417 |    957 |   2411 |   4 | 1326.8 |
  Orcish Mines |   2099 |   1920 |    179 |    289 |   1073 |   2 | 1049.5 |
   Elven Halls |   4315 |   4099 |    216 |    713 |   1923 |   3 | 1438.3 |
        Vaults |   6124 |   5817 |    307 |    564 |   3598 |   4 | 1531.0 |
        Depths |   5126 |   4758 |    368 |    902 |   2387 |   4 | 1281.5 |
           Zot |   7445 |   7338 |    107 |   2526 |   1182 |   5 | 1489.0 |
         Abyss |   1973 |   1973 |      0 |    221 |    110 |   6 |  328.8 |
         Sewer |    124 |    124 |      0 |      0 |     84 |   1 |  124.0 |
       Ossuary |    379 |    379 |      0 |      0 |    149 |   1 |  379.0 |
               +--------+--------+--------+--------+--------+-----+--------+

Top non-repeatable levels by time:
   Zot:5: 2126 daAuts
     D:8: 2114 daAuts
 Swamp:3: 1977 daAuts
Depths:3: 1855 daAuts
   Zot:2: 1810 daAuts
   Elf:3: 1785 daAuts
Vaults:1: 1720 daAuts
Vaults:2: 1682 daAuts
Spider:3: 1614 daAuts
  Lair:2: 1562 daAuts
Depths:4: 1559 daAuts
  Lair:5: 1545 daAuts
 Swamp:4: 1487 daAuts
    D:14: 1432 daAuts
   Orc:2: 1396 daAuts
